 Dungeon Crawl Stone Soup version 0.29-a0-384-g6960b1960d (webtiles) character file.

Game seed: 14951288786661311181

20 croobank the Digger (level 2, -1/17 HPs)
             Began as an Octopode Earth Elementalist on May 7, 2022.
             Was a Follower of Wu Jian.
             Slain by a worm (9 damage)
             ... on level 1 of the Dungeon.
             The game lasted 00:02:19 (1053 turns).

croobank the Digger (Octopode Earth Elementalist)   Turns: 1053, Time: 00:02:29

Health: -1/17      AC:  1    Str:  7    XL:     2   Next: 79%
Magic:  0/5        EV: 13    Int: 17    God:    Wu Jian [*.....]
Gold:   54         SH:  0    Dex: 12    Spells: 2/5 levels left

rFire   . . .      SeeInvis .   e - +0 short sword
rCold   + . .      Faith    .   (no shield)
rNeg    . . .      Spirit   .   (helmet restricted)
rPois   .          Reflect  .   (no amulet)
rElec   .          Harm     .   g - ring of willpower
rCorr   .          Rampage  .   i - ring of protection from cold
Will    +....                   (no ring)
Stlth   +++.......              (no ring)
HPRegen 0.05/turn               (no ring)
MPRegen 0.09/turn               (no ring)
                                (no ring)
                                (no ring)

@: very slightly contaminated
A: almost no armour, amphibious, 8 rings, camouflage 1, gelatinous body 1,
(nimble swimmer 1), tentacles
a: Renounce Religion


You were on level 1 of the Dungeon.
You worshipped Wu Jian.
Wu Jian was aware of your devotion.
You visited 1 branch of the dungeon, and saw 2 of its levels.

You collected 54 gold pieces.

Inventory:

Hand Weapons
 e - a +0 short sword (weapon)
Missiles
 a - 38 stones
Jewellery
 g - a ring of willpower (left tentacle)
 i - a ring of protection from cold (right tentacle)
Scrolls
 c - a scroll of poison {unknown}
 d - a scroll of teleportation {unknown}
 j - a scroll of identify {unknown}
 k - a scroll of fog {unknown}
Potions
 b - a potion of magic
 f - 2 potions of resistance {unknown}
 h - a potion of heal wounds {unknown}


   Skills:
 + Level 2.2 Dodging
 + Level 3.1 Stealth
 + Level 2.2 Spellcasting
 + Level 1.4 Transmutations
 + Level 3.2 Earth Magic


You had 2 spell levels left.
You knew the following spells:

 Your Spells              Type           Power      Damage    Failure   Level
a - Sandblast             Erth           24%        2d8       4%          1
b - Passwall              Tmut/Erth      7%         N/A       11%         2

Your spell library contained the following spells:

 Spells                   Type           Power      Damage    Failure   Level
 Stone Arrow              Conj/Erth      14%        3d7       30%         3
 Petrify                  Tmut/Erth      9%         N/A       58%         4


Dungeon Overview and Level Annotations

Branches:
Dungeon (2/15)

Altars:
Wu Jian


Innate Abilities, Weirdness & Mutations

You cannot wear most types of armour.
You are amphibious.
You can wear up to eight rings at the same time.
Your skin changes colour to match your surroundings (Stealth+).
Your rubbery body absorbs attacks. (AC +1, EV +1)
((You are camouflaged when in or above water. (Stealth+)))
You have tentacles for arms and can constrict up to eight enemies at once.


Message History

Aiming: Sandblast (safe; 4% risk of failure)
Press: ? - help, Shift-Dir - straight line, f - frilled lizard
Aim: a frilled lizard (66% to hit)
The blast of sand hits the frilled lizard!
You kill the frilled lizard!
The Council accepts your kill. The worm closely misses you.
Casting: Sandblast (safe; 4% risk of failure)
Confirm with . or Enter, or press ? or * to list all spells.
Aiming: Sandblast (safe; 4% risk of failure)
Press: ? - help, Shift-Dir - straight line, f - worm
Aim: a worm (93% to hit)
You miscast Sandblast.
You are very lightly contaminated with residual magic.
Nothing appears to happen.
Casting: Sandblast (safe; 4% risk of failure)
Confirm with . or Enter, or press ? or * to list all spells.
Aiming: Sandblast (safe; 4% risk of failure)
Press: ? - help, Shift-Dir - straight line, f/p - worm
Aim: a worm (93% to hit)
The blast of sand hits the worm!
The worm is severely wounded.
The worm misses you.
Casting: Sandblast (safe; 4% risk of failure)
Confirm with . or Enter, or press ? or * to list all spells.
Aiming: Sandblast (safe; 4% risk of failure)
Press: ? - help, Shift-Dir - straight line, f/p - worm
Aim: a worm (severely wounded, 93% to hit)
The blast of sand hits the worm but does no damage.
The worm is severely wounded.
Casting: Sandblast (safe; 4% risk of failure)
Confirm with . or Enter, or press ? or * to list all spells.
Aiming: Sandblast (safe; 4% risk of failure)
Press: ? - help, Shift-Dir - straight line, f/p - worm
Aim: a worm (severely wounded, 93% to hit)
The blast of sand hits the worm.
The worm is almost dead.
The worm bites you!
Ouch! That really hurt!
You die...

...# ...# ...# ...# ...#
...# ########### ...#
#.........# ##### ...#
#.......w)# #.<.# ...#
#.......†@#######...# ...#
#.........##....#...#
##.#####.........#.....#...#
##...##..........#.....#.#.#
......)..........#..####.#.#
.###..##............# #...#
#### ## ##............####
#...###... ###..........#
#...#..... ##...##.....##
#.#.###...


You could see a worm.

Vanquished Creatures
  3 endoplasms (D:1)
  A giant cockroach (D:1)
  2 goblins (D:1)
  A hobgoblin (D:1)
  2 kobolds (D:1)
  2 quokkas (D:1)
  4 bats (D:1)
  3 frilled lizards (D:1)
18 creatures vanquished.

Notes
Turn   | Place    | Note
-------+----------+-------------------------------------------
     0 | D:1      | croobank the Octopode Earth Elementalist began the quest
                  | for the Orb.
     0 | D:1      | Reached XP level 1. HP: 11/11 MP: 3/3
   318 | D:1      | Reached XP level 2. HP: 17/17 MP: 1/5
   381 | D:1      | Learned a level 2 spell: Passwall
   787 | D:1      | Found a faded altar of an unknown god.
   797 | D:1      | Prayed at the altar of an unknown god.
   797 | D:1      | Became a worshipper of the Wu Jian Council
   797 | D:1      | Reached * piety under Wu Jian
  1053 | D:1      | Slain by a worm

Illustrated notes

Levels and vault maps discovered:
D:1:      wheals_arrival_shading, layout_rooms,
          hellmonk_ecumenical_altar_inner_sanctum
D:2:      layout_loops_cross, kennysheep_cross_bottleneck,
          chequers_serial_rivers_micro_b

Skill      XL: |  1  2 |
---------------+-------+-----
Stealth        | 3 |  3.1
Dodging        | |  2.2
Spellcasting   | |  2.2
Transmutations | |  1.4
Earth Magic    | |  3.2

Action                   || total
-------------------------++-------
Melee: Unarmed           ||     3
       Tentacles         ||     1
       Short sword       ||     5
       Constrict         ||     1
 Cast: Sandblast         ||    26
Armor: Skin              ||     2
Dodge: Dodged            ||    19

Table legend: (Time is in decaauts)
 A = Elapsed time spent in this place.
 B = Non-inter-level travel time spent in this place.
 C = Inter-level travel time spent in this place.
 D = Time resting spent in this place.
 E = Time spent auto-exploring this place.
 F = Levels seen in this place.
 G = Mean time per level.
                   A        B        C        D        E       F      G
               +--------+--------+--------+--------+--------+-----+--------+
         Total |   1053 |   1011 |     42 |    169 |    687 |   2 |  526.5 |
       Dungeon |   1053 |   1011 |     42 |    169 |    687 |   2 |  526.5 |
               +--------+--------+--------+--------+--------+-----+--------+

Top non-repeatable levels by time:
     D:1: 1041 daAuts
     D:2: 11 daAuts
